AoeStats
← rauni11

Arena

510635136Analyzed
4v4 RM · 2d ago on Oct 1, 2026· 15m 9s· 8 players
Game mode
Random Map
Map size
Large (8 player)
Population
200
Speed
Normal
Resources
Standard
Victory
Conquest
Starting age
Dark Age
Ending age
Imperial Age
RankedLock teamsTeams togetherTeam positionsShared explorationLock speedFull tech treeHidden civsTurbo modeCheats
Victory
Defeat
🇦🇷 Varangians · Argentina
920
+8
🇹🇼 Teutons · Taiwan
910
+8
🇦🇹 Khitans · Austria
858
+10
🇮🇳 Britons · India
772
+13
🇺🇸 Spanish · United States
756
-11
🇺🇸 Vietnamese · United States
730
-10
🇺🇸 Varangians · United States
698
-9
🇪🇸 Turks · Spain
694
-9
F o r k B e a r d
MoncusJBAJ
10:36 Feudal Age
14:51 Castle Age
13:40 Double-Bit Axe
13:38 Horse Collar
victordelarosac
12:55 Feudal Age
13:23 Double-Bit Axe
13:46 Horse Collar
klapausius
7:47 Loom
10:31 Feudal Age
13:29 Wheelbarrow
xxbysnipxx
10:51 Feudal Age
16:40 Castle Age
GUISO DE LENTEJAS
11:32 Feudal Age
12:54 Double-Bit Axe
rauni11
10:46 Feudal Age
15:59 Castle Age
14:08 Double-Bit Axe
y852963741
0:51 Loom
11:51 Feudal Age
12:48 Double-Bit Axe
13:45 Fletching
13:43 Town Watch
13:42 Horse Collar
Connection lost

Rejoining the realm…

Still unreachable

The connection could not be restored.

Session expired

The server has moved on; the page needs a fresh start.